 Dungeon Crawl Stone Soup version 0.28.0-43-g3370ac3207 (webtiles) character file.

Game seed: 8634635245196081885

5342 Raya the Magician (level 10, -9/68 HPs)
             Began as a Djinni Fire Elementalist on Mar 12, 2022.
             Was an Elder of Okawaru.
             Mangled by a two-headed ogre
             ... wielding a +0 giant club
              (20 damage)
             ... on level 9 of the Dungeon.
             The game lasted 01:04:18 (10373 turns).

Raya the Magician (Djinni Fire Elementalist)       Turns: 10373, Time: 01:04:19

Health: -9/68      AC:  5    Str:  9    XL:     10   Next: 96%
Gold:   547        EV: 14    Int: 32    God:    Okawaru [****..] SH:  5 Dex: 23

rFire   + . .      SeeInvis +   q - +7 spear of the Empty Page {vorpal, *Rage *Slow rCorr Dex+8}
rCold   x . .      Faith    .   u - +0 buckler
rNeg    . . .      Spirit   .   k - +1 leather armour of Devotion {rElec rF- Int+2}
rPois   ∞          Reflect  .   v - +1 hat {SInv}
rElec   +          Harm     .   (no cloak)
rCorr   +          Rampage  .   (no gloves)
Will    .....      Rage     20% (boots unavailable)
Stlth   +++.......              (no amulet)
HPRegen 0.21/turn               c - +6 ring of intelligence
MPRegen 0.00/turn               b - +6 ring of intelligence

@: weak-willed, flying
A: sickness immunity, fire resistance 2, cold vulnerability 1, float, innate
caster, HP casting, extra vitality 1
a: Renounce Religion, Heroism, Finesse


You were on level 9 of the Dungeon.
You worshipped Okawaru.
Okawaru was greatly pleased with you.
You visited 1 branch of the dungeon, and saw 9 of its levels.

You collected 547 gold pieces.

Inventory:

Hand Weapons
 q - the +7 spear of the Empty Page (weapon) {vorpal, *Rage *Slow rCorr Dex+8}
   (You found it on level 4 of the Dungeon)

   It inflicts extra damage upon your enemies.
   Dex:       It affects your dexterity (+8).
   *Rage:     It berserks you when you make melee attacks (+20% chance).
   rCorr:     It protects you from acid and corrosion.
   *Slow:     It may slow you when you take damage.
Missiles
 i - 2 boomerangs (quivered)
 l - a throwing net
 C - a curare-tipped dart
 F - 2 datura-tipped darts
Armour
 k - the +1 leather armour of Devotion (worn) {rElec rF- Int+2}
   (You found it on level 5 of the Dungeon)

   Int:       It affects your intelligence (+2).
   rF:        It makes you vulnerable to fire.
   rElec:     It insulates you from electricity.
 u - a +0 buckler (worn)
 v - a +1 hat of see invisible (worn)
 E - a +2 cloak
Jewellery
 b - a +6 ring of intelligence (right hand)
 c - a +6 ring of intelligence (left hand)
 y - a ring of resist corrosion
Wands
 a - a wand of flame (13)
 x - a wand of digging (3)
 D - a wand of paralysis (8)
Scrolls
 e - a scroll of brand weapon
 j - 3 scrolls of amnesia
 r - 4 scrolls of teleportation
 w - a scroll of magic mapping
 B - a scroll of enchant weapon {unknown}
Potions
 d - a potion of flight
 f - a potion of brilliance {unknown}
 g - a potion of lignification {unknown}
 h - 4 potions of curing {unknown}
 p - 3 potions of haste {unknown}
 s - a potion of resistance {unknown}
 z - a potion of degeneration {unknown}
 A - a potion of heal wounds


   Skills:
 * Level 4.2 Fighting
 * Level 3.5 Polearms
 * Level 4.0(5.0) Slings
 * Level 4.3(5.1) Throwing
 * Level 3.7 Armour
 * Level 5.2 Dodging
 * Level 4.4 Stealth
 + Level 0.7 Shields
 * Level 6.8 Spellcasting
 * Level 3.8 Invocations


You couldn't memorise any spells.
You knew the following spells:

 Your Spells              Type           Power      Damage    Failure   Level
a - Foxfire               Conj/Fire      100%       2x1d9     1%          1
b - Scorch                Fire           100%       2d10      1%          2
c - Conjure Flame         Conj/Fire      53%        6-21      1%          3
d - Inner Flame           Hex/Fire       53%        N/A       1%          3
e - Flame Wave            Conj/Fire      53%        2d11      4%          4
f - Shock                 Conj/Air       100%       1d9       1%          1
g - Blink                 Tloc           100%       N/A       1%          2
h - Ignite Poison         Fire/Tmut/Pois 53%        N/A       1%          3
i - Fulminant Prism       Conj/Hex       26%        3d14      4%          4
Your spell library was empty.

Dungeon Overview and Level Annotations

Branches:
Dungeon (9/15)             Temple (0/1) D:6
   Lair: D:8-11         Orc: D:9-12

Altars:
Okawaru
Ru


Innate Abilities, Weirdness & Mutations

You are immune to sickness and miasma.
You are immune to poison.
Your flesh is very heat resistant. (rF++)
You are vulnerable to cold. (rC-)
You float through the air rather than walking.
You learn spells naturally, not from books.
Your magical power is your life essence.
You have superior vitality. (+4 MHP)


Message History

You throw a boomerang. The boomerang hits the two-headed ogre.
The two-headed ogre is moderately wounded.
Okay, then.
Really read the scroll of vulnerability?
As you read the scroll of vulnerability, it crumbles to dust.
Magic quickly surges around you.
Aiming: Paralyse
Press: ? - help, Shift-Dir - straight line, f/p - two-headed ogre
Aim: a two-headed ogre, wielding two +0 giant clubs (lightly wounded, weak-willed, chance to affect: 49%)
The two-headed ogre resists with some effort.
The two-headed ogre hits you with a +0 giant club!!
The two-headed ogre misses you.
Casting: Fulminant Prism (dangerous; 4% risk of failure)
Confirm with . or Enter, or press ? or * to list all spells.
Casting: Flame Wave (dangerous; 4% risk of failure)
Press: ? - help, Dir - look around, f - activate A wave of flame ripples out!
The flame wave engulfs the two-headed ogre!
The two-headed ogre is heavily wounded. (Press . to intensify the flame waves.)
The two-headed ogre hits you with a +0 giant club.
The two-headed ogre hits you with a +0 giant club!
A wave of flame ripples out!
The flame wave engulfs the two-headed ogre!
The two-headed ogre is heavily wounded.
The two-headed ogre barely misses you. x2
A wave of flame ripples out!
The flame wave engulfs the two-headed ogre.
The two-headed ogre is severely wounded.
You finish channelling waves of flame.
Casting: Flame Wave (dangerous; 4% risk of failure)
Confirm with . or Enter, or press ? or * to list all spells.
Flames lash the two-headed ogre.
The two-headed ogre is severely wounded.
The two-headed ogre's fire resistance burns away.
* * * LOW HITPOINT WARNING * * *
The two-headed ogre hits you with a +0 giant club!
* * * LOW HITPOINT WARNING * * *
The two-headed ogre hits you with a +0 giant club!!
You die...

#.. +....# #..
#....# #.. #....# .
... +....# .. ....
#####....# ...
..........#####....
###................
#................
#........@O......
#..######........
#.. #.$...... #..
#........ .
#........ #........
...###... ...# ...


You could see a two-headed ogre (weak-willed, combustible).

Vanquished Creatures
  Gastronok (D:8)
  Pikel (D:5)
  Maurice (D:8)
  Sigmund (D:6)
  A shadow (D:6)
  2 steam dragons
  An ice beast (D:7)
  A black bear (D:5)
  A necrophage (D:7)
  3 ogres
  6 centaurs
  2 phantoms
  2 lemures (D:5)
  3 kobold brigands
  2 scorpions
  A bullfrog (D:8)
  A gnoll sergeant (Arena)
  5 killer bees (D:7)
  3 howler monkeys
  A centaur zombie (D:8)
  A bullfrog zombie (D:5)
  2 hounds
  A jelly (D:8)
  3 bullfrog skeletons (D:5)
  A centaur skeleton (D:7)
  An orc priest (D:8)
  2 gnoll shamans (D:8)
  4 iguanas
  6 orc wizards
  A killer bee zombie (D:8)
  2 howler monkey zombies
  4 howler monkey skeletons
  5 adders
  13 gnolls
  A shadow imp (D:7)
  A white imp (D:6)
  An adder zombie (D:5)
  An adder skeleton (D:4)
  A worm (D:4)
  3 dart slugs
  28 orcs
  3 ball pythons
  5 bats (D:1)
  11 endoplasms
  5 giant cockroaches
  6 goblins
  7 hobgoblins
  6 jackals (D:4)
  2 quokkas
  A frilled lizard (D:2)
  34 kobolds
  10 rats
211 creatures vanquished.

Vanquished Creatures (others)
  46 foxfires
  8 fulminant prisms
  12 plants (D:2)
66 creatures vanquished.

Grand Total: 277 creatures vanquished

Notes
Turn   | Place    | Note
-------+----------+-------------------------------------------
     0 | D:1      | Raya the Djinni Fire Elementalist began the quest for the
                  | Orb.
     0 | D:1      | Reached XP level 1. HP: 15/15 MP: 0/0
   220 | D:1      | Reached XP level 2. HP: 18/21 MP: 0/0
   645 | D:1      | Reached skill level 3 in Spellcasting
   645 | D:1      | Reached XP level 3. HP: 25/25 MP: 0/0
   645 | D:1      | Learned a level 1 spell: Shock
  1534 | D:2      | Reached XP level 4. HP: 29/31 MP: 0/0
  2727 | D:2      | Reached skill level 1 in Fighting
  2968 | D:3      | Reached XP level 5. HP: 34/37 MP: 0/0
  2968 | D:3      | Learned a level 2 spell: Blink
  3158 | D:3      | Found a faded altar of an unknown god.
  3220 | D:3      | Prayed at the altar of an unknown god.
  3220 | D:3      | Became a worshipper of Warmaster Okawaru
  3220 | D:3      | Reached * piety under Okawaru
  3520 | D:3      | Noticed an ogre
  3544 | D:3      | Killed an ogre
  3545 | D:3      | Reached skill level 1 in Throwing
  3545 | D:3      | Reached XP level 6. HP: 39/42 MP: 0/0
  4177 | D:4      | Reached skill level 4 in Spellcasting
  4378 | D:4      | Reached skill level 1 in Slings
  4587 | D:4      | Identified the +7 spear of the Empty Page {vorpal, *Rage
                  | *Slow rCorr Dex+8}
  4675 | D:4      | Reached skill level 1 in Invocations
  4679 | D:4      | Reached XP level 7. HP: 11/48 MP: 0/0
  4679 | D:4      | Learned a level 3 spell: Ignite Poison
  4926 | D:5      | Entered Level 5 of the Dungeon
  5173 | D:5      | Reached ** piety under Okawaru
  5429 | D:5      | Reached skill level 1 in Polearms
  5429 | D:5      | Reached XP level 8. HP: 54/54 MP: 0/0
  5563 | D:5      | Noticed Pikel
  5571 | D:5      | Killed Pikel
  5571 | D:5      | Reached *** piety under Okawaru
  5653 | D:5      | Reached skill level 5 in Spellcasting
  5653 | D:5      | Reached XP level 9. HP: 28/59 MP: 0/0
  5653 | D:5      | Learned a level 4 spell: Fulminant Prism
  5700 | D:5      | Identified the +1 leather armour of Devotion {rElec rF-
                  | Int+2}
  5754 | D:6      | Found a staircase to the Ecumenical Temple.
  5901 | D:6      | Identified the +7 dagger of Egomania {protect, *Corrode rF+
                  | Dex+4}
  6059 | D:6      | Noticed Sigmund
  6065 | D:6      | Killed Sigmund
  6163 | D:6      | Reached skill level 1 in Armour
  6174 | D:6      | Reached **** piety under Okawaru
  6712 | D:7      | Found a sacrificial altar of Ru.
  7355 | D:7      | Reached XP level 10. HP: 42/67 MP: 0/0
  7818 | D:7      | Reached skill level 6 in Spellcasting
  7985 | D:8      | Received a gift from Okawaru
  8054 | D:8      | Noticed Gastronok
  8078 | D:8      | Killed Gastronok
  8078 | D:8      | Reached ***** piety under Okawaru
  8079 | D:8      | Reached skill level 5 in Dodging
  8105 | D:8      | Noticed Maurice
  8136 | D:8      | Killed Maurice
  8136 | D:8      | Received a gift from Okawaru
  9436 | Arena    | Entered the Arena
 10360 | D:9      | Noticed a two-headed ogre
 10373 | D:9      | Mangled by a two-headed ogre

Illustrated notes

Levels and vault maps discovered:
D:1:      matt_arrival_refuge, layout_basic
D:2:      minmay_kobold_bridge, layout_basic, lexackson_kobold_supper
D:3:      layout_basic, chequers_ecumenical_altar_island, minivault_14,
          minmay_cut_off
D:4:      layout_loops_cross, minmay_pentangle
D:5:      layout_cave_pods, uniq_pikel
D:6:      layout_cave_pods, minmay_temple_entry_tees, roderic_lattice_a,
          uniq_sigmund
D:7:      layout_layer_cave, lemuel_crystal_altar
D:8:      layout_basic, kennysheep_cross_room, uniq_gastronok, uniq_maurice
D:9:      layout_irregular_city, marbit_many_paths, mainiacjoe_overflow_swirl

Skill      XL: |  1  2  3  4  5  6  7  8  9 10 |
---------------+-------------------------------+-----
Spellcasting   | 3 4 5 6 |  6.8
Stealth        | 2 3 4 |  4.4
Fighting       | 1 2 3 4 |  4.2
Throwing       | 1 2 3 4 |  4.3
Slings         | 1 2 3 4 |  4.0
Invocations    | 1 2 3 |  3.8
Dodging        | 3 4 5 |  5.2
Polearms       | 1 2 3 |  3.5
Armour         | 2 3 |  3.7
Shields        | |  0.7

Action                   |  1- 3 |  4- 6 |  7- 9 | 10-12 || total
-------------------------+-------+-------+-------+-------++-------
Melee: Spear             |       |     3 |    49 |    41 ||    93
 Fire: Hunting sling     |       |    56 |       |       ||    56
Throw: Dart              |    14 |    24 |    43 |    23 ||   104
       Boomerang         |       |       |       |    14 ||    14
 Cast: Foxfire           |    14 |    10 |     4 |     1 ||    29
       Scorch            |    17 |    29 |    30 |    13 ||    89
       Shock             |       |     9 |     6 |     2 ||    17
       Flame Wave        |       |     4 |    11 |     8 ||    23
       Fulminant Prism   |       |       |     3 |     5 ||     8
       Ignite Poison     |       |       |     1 |       ||     1
Invok: Duel              |       |       |       |     1 ||     1
Evoke: Wand              |       |       |       |     2 ||     2
  Use: Scroll            |       |     3 |     6 |     7 ||    16
       Potion            |       |       |     2 |     1 ||     3
 Stab: Sleeping          |       |       |     2 |       ||     2
Armor: Robe              |     7 |    11 |     9 |       ||    27
       Leather armour    |       |       |    10 |     7 ||    17
Dodge: Dodged            |     7 |    40 |    88 |    39 ||   174
Block: Buckler           |       |       |     6 |    12 ||    18
